 Dungeon Crawl Stone Soup version 0.24.0-123-gd5b16e6ec5 (webtiles) character file.

Game seed: 17838629377829018595, levelgen mode: deterministic

55 FishyPogo the Charmwright (level 3, 0/31 HPs)
             Began as a Gnoll Skald on Jan 3, 2020.
             Slain by Sigmund
             ... wielding a +0 scythe
              (10 damage)
             ... on level 3 of the Dungeon.
             The game lasted 00:03:41 (2169 turns).

FishyPogo the Charmwright (Gnoll Skald)             Turns: 2169, Time: 00:03:42

Health: 0/31       AC:  3    Str: 14    XL:     3   Next: 93%
Magic:  2/9        EV: 14    Int: 15    God:
Gold:   77         SH:  0    Dex: 14    Spells: 1/12 levels left

rFire    + . .     SeeInvis .   a - +0 short sword
rCold    x . .     Gourm    .   (no shield)
rNeg     . . .     Faith    .   b - +0 leather armour
rPois    .         Spirit   .   (no helmet)
rElec    .         Reflect  .   g - scarf {repulsion}
rCorr    .         Harm     .   (no gloves)
MR       .....                  (no boots)
Stlth    +.........             (no amulet)
HPRegen  0.10/turn              h - ring of fire
MPRegen  0.11/turn              (no ring)

@: repel missiles
A: distributed training, fangs 1, strong nose
a: no special abilities


You were on level 3 of the Dungeon.
You were not hungry.

You visited 1 branch of the dungeon, and saw 3 of its levels.

You collected 77 gold pieces.

Inventory:

Hand Weapons
 a - a +0 short sword (weapon)
Missiles
 k - 20 stones (quivered)
Armour
 b - a +0 leather armour (worn)
 g - a scarf of repulsion (worn)
Jewellery
 h - a ring of fire (left hand)
Scrolls
 c - 4 scrolls of remove curse
 e - a scroll of magic mapping {unknown}
 j - a scroll of blinking
 l - 2 scrolls of identify
 o - a scroll of immolation
 r - a scroll of enchant armour {unknown}
Potions
 f - a potion of resistance {unknown}
 i - a potion of curing
 m - a potion of brilliance {unknown}
 n - 3 potions of flight {unknown}
 p - a potion of haste {unknown}
 q - a potion of lignification {unknown}
Comestibles
 d - 3 rations


   Skills:
 + Level 4.6 Fighting
 + Level 4.6 Short Blades
 + Level 1.0 Long Blades
 + Level 1.0 Axes
 + Level 1.0 Maces & Flails
 + Level 1.0 Polearms
 + Level 1.0 Staves
 + Level 1.0 Slings
 + Level 1.0 Bows
 + Level 1.0 Crossbows
 + Level 1.0 Throwing
 + Level 2.6 Armour
 + Level 4.6 Dodging
 + Level 1.0 Stealth
 + Level 1.0 Shields
 + Level 1.0 Unarmed Combat
 + Level 5.0 Spellcasting
 + Level 0.7 Conjurations
 + Level 0.7 Hexes
 + Level 5.4 Charms
 + Level 0.7 Summonings
 + Level 0.7 Necromancy
 + Level 0.7 Translocations
 + Level 0.7 Transmutations
 + Level 0.7 Fire Magic
 + Level 0.7 Ice Magic
 + Level 0.7 Air Magic
 + Level 0.7 Earth Magic
 + Level 0.7 Poison Magic
 + Level 1.0 Invocations
 + Level 1.0 Evocations


You had one spell level left.
You knew the following spells:

 Your Spells              Type           Power        Failure   Level  Hunger
h - Regeneration          Chrm/Necr      ##........   17%         3    ###....
n - Spectral Weapon       Hex/Chrm       ##......     17%         3    ###....
p - Shroud of Golubria    Chrm/Tloc      ##....       9%          2    ##.....
u - Song of Slaying       Chrm           ###.....     3%          2    ##.....
y - Infusion              Chrm           ###.         2%          1    None

Your spell library contained the following spells:

 Spells                   Type           Power        Failure   Level  Hunger


Dungeon Overview and Level Annotations

Branches:
Dungeon (3/15)

Altars:

Annotations:
D:2 Terence
D:3 Sigmund


Innate Abilities, Weirdness & Mutations

Your experience applies equally to all skills.
You have very sharp teeth.
Your uncanny sense of smell can sniff out nearby items.


Message History

You barely miss something. Something completely misses you.
You hit something. You barely miss something.
Your skin is crawling a little less now.
Your shroud bends something's attack away!
You barely miss something. You miss something.
You hear some strange, mumbled words.
A magic dart appears from out of thin air!
The magic dart hits you.
You barely miss something. Something hits you but does no damage.
You barely miss something. Your bite misses something.
Your shroud begins to fray at the edges.
You hit something but do no damage. Something hits you!
You hit something.
Your skin stops crawling.
Something closely misses you.
You closely miss something. You hit something. Something hits you!
You die...

.........# .........#
.........# .........#
####### ........#
#.....#
#.....#######.....#
..#.#.#...............#
.>...g{@(.............#
###.#.#.########..#####
# #.. ........#
#!#######...###### ###
#......... #.......<.
#......... #.........
#.........


You could see a hobgoblin and a friendly spectral +0 short sword.

Vanquished Creatures
  An adder (D:2)
  An ooze (D:1)
  A worm (D:2)
  2 dart slugs
  A giant cockroach (D:3)
  4 goblins
  10 hobgoblins
  5 kobolds
  A bat (D:2)
  A frilled lizard (D:2)
  7 rats
34 creatures vanquished.

Notes
Turn   | Place    | Note
-------+----------+-------------------------------------------
     0 | D:1      | FishyPogo the Gnoll Skald began the quest for the Orb.
     0 | D:1      | Reached XP level 1. HP: 20/20 MP: 6/6
   138 | D:1      | Reached XP level 2. HP: 21/26 MP: 7/7
   391 | D:1      | Learned a level 2 spell: Song of Slaying
   394 | D:1      | Learned a level 2 spell: Shroud of Golubria
   997 | D:1      | Reached XP level 3. HP: 31/31 MP: 9/9
  1002 | D:1      | Learned a level 3 spell: Regeneration
  1006 | D:1      | Learned a level 3 spell: Spectral Weapon
  1144 | D:2      | Reached skill level 5 in Spellcasting
  1151 | D:2      | Noticed Terence
  1370 | D:2      | Reached skill level 1 in Invocations
  2110 | D:3      | Reached skill level 1 in Long Blades
  2110 | D:3      | Reached skill level 1 in Axes
  2110 | D:3      | Reached skill level 1 in Maces & Flails
  2110 | D:3      | Reached skill level 1 in Polearms
  2110 | D:3      | Reached skill level 1 in Staves
  2110 | D:3      | Reached skill level 1 in Slings
  2110 | D:3      | Reached skill level 1 in Bows
  2110 | D:3      | Reached skill level 1 in Crossbows
  2110 | D:3      | Reached skill level 1 in Throwing
  2110 | D:3      | Reached skill level 1 in Stealth
  2110 | D:3      | Reached skill level 1 in Shields
  2110 | D:3      | Reached skill level 1 in Unarmed Combat
  2110 | D:3      | Reached skill level 1 in Evocations
  2147 | D:3      | Noticed Sigmund
  2169 | D:3      | Slain by Sigmund

Levels and vault maps discovered:
D:1:      ncdulo_smallfort, layout_basic
D:2:      layout_basic, uniq_terence
D:3:      layout_basic, lemuel_coloured_pillars_altar,
          minmay_misc_feat_four_crosses, yredelemnul_altar_generic,
          uniq_crazy_yiuf_cottage, uniq_sigmund

Skill      XL: |  1  2  3 |
---------------+----------+-----
Spellcasting   | 5 |  5.0
Invocations    | 1 |  1.0
Long Blades    | 1 |  1.0
Axes           | 1 |  1.0
Maces & Flails | 1 |  1.0
Polearms       | 1 |  1.0
Staves         | 1 |  1.0
Slings         | 1 |  1.0
Bows           | 1 |  1.0
Crossbows      | 1 |  1.0
Throwing       | 1 |  1.0
Stealth        | 1 |  1.0
Shields        | 1 |  1.0
Unarmed Combat | 1 |  1.0
Evocations     | 1 |  1.0
Fighting       | |  4.6
Short Blades   | |  4.6
Armour         | |  2.6
Dodging        | |  4.6
Conjurations   | |  0.7
Hexes          | |  0.7
Charms         | |  5.4
Summonings     | |  0.7
Necromancy     | |  0.7
Translocations | |  0.7
Transmutations | |  0.7
Fire Magic     | |  0.7
Ice Magic      | |  0.7
Air Magic      | |  0.7
Earth Magic    | |  0.7
Poison Magic   | |  0.7

Action                   || total
-------------------------++-------
Melee: Short sword       ||   117
       Bite              ||    11
Throw: Stone             ||     4
 Cast: Infusion          ||     2
       Shroud of Golubri ||     7
       Regeneration      ||     2
       Spectral Weapon   ||     2
  Use: Scroll            ||     4
 Stab: Sleeping          ||     6
  Eat: Chunk             ||     4
Armor: Leather armour    ||    10
Dodge: Dodged            ||    45
       Deflected         ||     1
